 Dungeon Crawl Stone Soup version 0.14.0-20-g75a2fc2 (console) character file.

156 Garrluk the Insei (level 3, -3/31 HPs)
             Began as a Naga Transmuter on Apr 21, 2014.
             Killed from afar by a goblin (6 damage)
             ... with a wand of magic darts
             ... on Level 2 of the Dungeon.
             The game lasted 00:03:29 (1590 turns).

Garrluk the Insei (Naga Transmuter)                 Turns: 1590, Time: 00:03:29

HP  -3/31        AC  2     Str 17      XL: 3   Next: 58%
MP   6/6         EV 15     Int 13      God:
Gold 113         SH  0     Dex 17      Spells:  2 memorised,  3 levels left

rFire  + . .     SeeInvis +       - Unarmed
rCold  + . .     Clarity  .     c - +0 robe
rNeg   . . .     Conserve .     (no shield)
rPois  +         rCorr    .     (no helmet)
rElec  +         rRot     .     (no cloak)
SustAb . .       Spirit   .     (no gloves)
rMut   .         Warding  .     (no barding)
Saprov . . .     Stasis   .     (no amulet)
MR     .....                    (no ring)
                                (no ring)

@: mighty, agile, very slow, not resistant to hostile enchantments, stealthy
A: spit poison, see invisible, deformed body, poison resistance, slowness 2, AC
+1
a: Spit Poison


You were on level 2 of the Dungeon.
You were not hungry.

You visited 1 branch of the dungeon, and saw 2 of its levels.

You collected 113 gold pieces.

Inventory:

Missiles
 b - 12 arrows
 i - 6 tomahawks (quivered)
Armour
 c - a +0 robe (worn)
Comestibles
 a - a bread ration
 g - 3 meat rations
Scrolls
 f - a scroll of enchant weapon I {unknown}
 l - a scroll of random uselessness {unknown}
 m - a scroll of identify {unknown}
 n - a scroll of magic mapping {unknown}
 o - 2 scrolls of enchant armour {unknown}
 p - a scroll of enchant weapon II {unknown}
 q - a scroll of blinking {unknown}
 r - 2 scrolls of teleportation {unknown}
Potions
 e - a potion of agility
 j - a potion of curing
Books
 d - a book of Changes

   Spells                             Type                      Level
   *Beastly Appendage                 Transmutation                1
   *Sticks to Snakes                  Transmutation                2
   Spider Form                        Transmutation/Poison         3
   Ice Form                           Ice/Transmutation            4
   Blade Hands                        Transmutation                5


   Skills:
 - Level 1.0 Fighting
 + Level 1.9 Dodging
 * Level 3.7 Unarmed Combat
 - Level 2.0 Spellcasting
 * Level 2.8 Transmutations


You had 3 spell levels left.
You knew the following spells:

 Your Spells              Type           Power        Failure   Level  Hunger
a - Beastly Appendage     Trmt           #.....       10%         1    ##.....
b - Sticks to Snakes      Trmt           #.........   14%         2    ###....


Dungeon Overview and Level Annotations

Branches:
Dungeon (2/15)

Altars:
Vehumet


Innate Abilities, Weirdness & Mutations

You cannot wear boots.
You can spit poison.
Your serpentine skin is tough (AC +1).
You have supernaturally acute eyesight.
Armour fits poorly on your strangely shaped body.
Your system is resistant to poisons.
You cover ground very slowly.


Message History

An adder comes into view.
Drink which item? (? for menu, Esc to quit)
You feel better.
It was a potion of curing.
The goblin zaps a wand.
The magic dart hits you!
* * * LOW HITPOINT WARNING * * *
Drink which item? (? for menu, Esc to quit)
You feel agile all of a sudden.
It was a potion of agility.
Drink which item? (? for menu, Esc to quit)
You feel protected.
It was a potion of resistance.
Drink which item? (? for menu, Esc to quit)
You feel very mighty all of a sudden.
It was a potion of might.
The hobgoblin barely misses you.
You hit the hobgoblin.
You kill the hobgoblin!
The goblin zaps a wand.
The magic dart hits you!
* * * LOW HITPOINT WARNING * * *
The goblin zaps a wand.
The magic dart hits you!
You die...

###.## #.# ≈P #.#
≈≈..###.#####....
♣≈.............g#
♣♣♣####.#####....
#######.#####.#._
♣............g....
#######.#####..S#
#g# #@# #.#
.........#
#########


You could see a goblin.

Vanquished Creatures
  An adder (D:2)
  A worm (D:2)
  A giant gecko (D:1)
  5 bats
  4 goblins
  6 hobgoblins
  2 ball pythons
  A giant newt (D:1)
  2 kobolds
  4 rats
27 creatures vanquished.

Notes
Turn   | Place    | Note
--------------------------------------------------------------
     0 | D:1      | Garrluk, the Naga Transmuter, began the quest for the Orb.
     0 | D:1      | Reached XP level 1. HP: 18/18 MP: 3/3
   238 | D:1      | Reached XP level 2. HP: 13/25 MP: 4/4
   248 | D:1      | Learned a level 2 spell: Sticks to Snakes
  1237 | D:2      | Reached XP level 3. HP: 22/31 MP: 6/6
  1300 | D:2      | HP: 1/31 [kobold/short sword (3)]
  1580 | D:2      | Found a radiant altar of Vehumet.
  1590 | D:2      | Killed from afar by a goblin

Action                   || total
-------------------------++-------
Melee: Unarmed           ||   112
Throw: Tomahawk          ||    10
 Cast: Beastly Appendage ||    11
  Use: Potion            ||     4
